 Dungeon Crawl Stone Soup version 0.28-b1-1-g3c77fb2ed1 (webtiles) character file.

Game seed: 7685896570340346849

5458 Minsecho the Cleaver (level 10, -19/88 HPs)
             Began as a Minotaur Fighter on Jan 30, 2022.
             Was an Elder of Okawaru.
             Demolished by an orc warrior (27 damage)
             ... in a bailey.
             The game lasted 00:15:51 (8875 turns).

Minsecho the Cleaver (Minotaur Fighter)             Turns: 8875, Time: 00:15:52

Health: -19/88     AC:  2    Str: 24    XL:     10   Next: 41%
Magic:  9/9        EV: 11    Int:  5    God:    Okawaru [****..]
Gold:   428        SH:  6    Dex: 17    Spells: 9/9 levels left

rFire   x . .      SeeInvis +   a - +1 war axe
rCold   . . .      Faith    .   c - +0 buckler
rNeg    . . .      Spirit   .   (no armour)
rPois   +          Reflect  .   (helmet restricted)
rElec   .          Harm     .   f - +1 cloak {rCorr}
rCorr   +          Rampage  .   (no gloves)
Will    ++...                   (no boots)
Stlth   ++........              F - amulet "Rurof" {rF- Will++ Regen+ Str+2 Dex+4}
HPRegen 1.04/turn               x - ring of poison resistance
MPRegen 0.11/turn               s - ring of see invisible

@: mighty
A: horns 2, retaliatory headbutt
a: Renounce Religion, Heroism, Finesse


You were in a bailey.
You worshipped Okawaru.
Okawaru was greatly pleased with you.
You visited 2 branches of the dungeon, and saw 11 of its levels.
You also visited: Bailey.

You collected 428 gold pieces.

Inventory:

Hand Weapons
 a - a +1 war axe (weapon)
 n - the +3 quarterstaff "Backscratcher" {freeze, Fly rF+++ rC- Int-5}
   (You found it on level 4 of the Dungeon)

   It freezes those it strikes, dealing additional cold damage.
   It can also slow down cold-blooded creatures.
   Int:       It affects your intelligence (-5).
   rF:        It renders you almost immune to fire.
   rC:        It makes you vulnerable to cold.
   Fly:       It grants you flight.
 y - a +0 hand axe of freezing
Missiles
 w - 2 boomerangs (quivered)
Armour
 b - a +0 scale mail
 c - a +0 buckler (worn)
 d - the +8 orange crystal plate armour {Archmagi, Int+3 Clar}
   (You acquired it in a bailey)

   Int:       It affects your intelligence (+3).
   Clar:      It protects you against confusion.
 f - a +1 cloak of preservation (worn)
 l - a +0 crystal plate armour
Jewellery
 e - a ring of wizardry
 k - a ring of ice
 p - a ring of flight
 s - a ring of see invisible (right hand)
 x - a ring of poison resistance (left hand)
 F - the amulet "Rurof" (around neck) {rF- Will++ Regen+ Str+2 Dex+4}
   (You took it off a wight on level 9 of the Dungeon)

   [amulet of regeneration]

   Str:       It affects your strength (+2).
   Dex:       It affects your dexterity (+4).
   rF:        It makes you vulnerable to fire.
   Regen:     It increases your rate of health regeneration.
   Will:      It greatly increases your willpower.
Wands
 C - a wand of polymorph (6)
Scrolls
 i - 4 scrolls of identify
 q - a scroll of blinking {unknown}
 t - a scroll of enchant weapon
 D - a scroll of noise {unknown}
 E - a scroll of silence {unknown}
 G - a scroll of amnesia
 H - a scroll of enchant armour {unknown}
 I - a scroll of fear {unknown}
 J - a scroll of fog
Potions
 g - a potion of curing {unknown}
 h - 3 potions of magic
 j - a potion of haste {unknown}
 m - 3 potions of degeneration {unknown}
 o - a potion of lignification {unknown}
 r - a potion of resistance {unknown}
 u - 2 potions of berserk rage {unknown}
 v - 4 potions of invisibility {unknown}
 B - a potion of mutation {unknown}
 L - a potion of cancellation {unknown}


   Skills:
 + Level 8.2 Fighting
 + Level 12.5 Axes
 + Level 10.9 Armour
 + Level 1.4 Dodging
 + Level 0.4 Stealth
 + Level 6.6 Shields


You had 9 spell levels left.
You didn't know any spells.
Your spell library contained the following spells:

 Spells                   Type           Power      Damage    Failure   Level
 Slow                     Hex            0%         N/A       56%         1
 Scorch                   Fire           0%         2d5       71%         2
 Confusing Touch          Hex            0%         N/A       90%         3
 Gell's Gravitas          Tloc           0%         N/A       90%         3
 Lesser Beckoning         Tloc           0%         N/A       90%         3
 Teleport Other           Tloc           0%         N/A       90%         3
 Vampiric Draining        Necr           0%         2d6       90%         3
 Flame Wave               Conj/Fire      0%         2d4       100%        4
 Summon Cactus Giant      Summ           Unusable   N/A       N/A         6

Dungeon Overview and Level Annotations

Branches:
Dungeon (10/15)            Temple (1/1) D:5             Orc (0/2) D:10
 Bailey (1/1)
   Lair: D:8-11

Altars:
Ashenzari
Cheibriados
Fedhas
Hepliaklqana
Makhleb
Nemelex Xobeh
Okawaru
Uskayaw
Vehumet
Xom
Yredelemnul
Zin


Innate Abilities, Weirdness & Mutations

You have a pair of horns on your head.
You reflexively headbutt those who attack you in melee.


Message History

The hobgoblin hits you but does no damage.
The orc warrior hits you with a +0 broad axe!
* * * LOW HITPOINT WARNING * * *
The hobgoblin hits you but does no damage.
You continue taking off your +0 crystal plate armour.
The hobgoblin hits you but does no damage.
The orc warrior hits you but does no damage.
The hobgoblin hits you but does no damage.
The orc warrior hits you but does no damage.
You continue taking off your +0 crystal plate armour.
The orc warrior hits you with a +0 broad axe!
* * * LOW HITPOINT WARNING * * *
The hobgoblin hits you but does no damage.
You block the hobgoblin's attack.
The orc warrior hits you but does no damage.
You finish taking off your +0 crystal plate armour.
Unknown command.
Unknown command.
Unknown command.
Okay, then.
You feel much better. You block the orc warrior's attack.
The hobgoblin hits you with a +0 war axe!
* * * LOW HITPOINT WARNING * * *
You block the hobgoblin's attack. The orc warrior misses you.
You furiously retaliate!
You headbutt the orc warrior!! You closely miss the orc warrior.
You headbutt the orc warrior!!
The orc warrior is severely wounded.
You hit the orc warrior. You slice the hobgoblin!!
You kill the hobgoblin!
Okawaru accepts your kill.
You completely miss the hobgoblin. The orc warrior closely misses you.
Unknown command.
You hit the orc warlord. Your headbutt misses the orc warlord.
The orc warlord is lightly wounded.
You closely miss the hobgoblin. You slash the orc warrior!
You hit the orc warrior. You block the orc warrior's attack.
The hobgoblin hits you with a +0 war axe!
* * * LOW HITPOINT WARNING * * *
The orc warrior hits you with a +0 broad axe!!
You die...

#...........#...........#
#...........).))........#
#.....⌠.....#.))..⌠.....#
#...........#...........#
#...........#...........# ♣
###..)).....###.........## ♣♣♣
###.#'#.....###.###.....#'#.
♣.♣###.....###.###g....###.###)).
..##.........###@oo..... ###.....
..#.....).....#ogog..... #8.....
..'...........#ogg...... #8.....
..'.....⌠.....#?$....... +.....⌠
..'...........#$$....... #8.....
..#...........#$$....... #8.....
..##.........###"....... ##.....
..♣###.....### ###.....# ###...
♣♣♣ ###.#+# #o#.


You could see an orc warlord, 4 orc warriors, a gnoll, 2 hobgoblins and 2
goblins.

Vanquished Creatures
  Maggie (D:6)
  A troll (D:10)
  A shadow (D:10)
  3 yaks (D:9)
  A wraith (D:6)
  A steam dragon (D:7)
  10 orc warriors
  A sky beast (D:7)
  A black bear (D:6)
  2 ogres (D:4)
  5 centaurs
  A kobold brigand (D:7)
  2 bullfrogs
  4 scorpions
  5 killer bees
  7 wights (D:9)
  4 howler monkeys
  3 centaur zombies
  3 hounds
  4 centaur skeletons
  An orc priest (D:4)
  An iguana (D:5)
  A scorpion zombie (D:5)
  4 orc wizards
  A killer bee zombie (D:6)
  2 howler monkey zombies
  9 gnolls
  2 adders
  3 ufetubi
  An adder skeleton (D:4)
  2 worms
  A dart slug (D:3)
  37 orcs
  9 endoplasms
  4 giant cockroaches
  11 goblins
  10 hobgoblins
  2 jackals (D:3)
  2 quokkas
  4 ball pythons
  3 bats
  2 frilled lizards (D:3)
  13 kobolds
  3 rats
188 creatures vanquished.

Vanquished Creatures (others)
  6 plants (D:4)
6 creatures vanquished.

Grand Total: 194 creatures vanquished

Notes
Turn   | Place    | Note
-------+----------+-------------------------------------------
     0 | D:1      | Minsecho the Minotaur Fighter began the quest for the Orb.
     0 | D:1      | Reached XP level 1. HP: 19/19 MP: 0/0
   408 | D:1      | Reached XP level 2. HP: 27/27 MP: 1/1
   412 | D:1      | Found a faded altar of an unknown god.
   975 | D:1      | Found a basalt altar of Yredelemnul.
  1017 | D:2      | Reached skill level 3 in Axes
  1141 | D:2      | Reached XP level 3. HP: 33/33 MP: 2/2
  1175 | D:2      | You fall into a shaft and drop 2 floors!
  1249 | D:2      | Found a shimmering altar of Xom.
  1471 | D:3      | Noticed a scorpion
  1538 | D:3      | Found a radiant altar of Vehumet.
  1549 | D:3      | Reached skill level 4 in Axes
  1549 | D:3      | Reached XP level 4. HP: 27/40 MP: 3/3
  1869 | D:3      | Reached XP level 5. HP: 41/46 MP: 4/4
  2250 | D:3      | Reached skill level 5 in Axes
  2250 | D:3      | Reached skill level 1 in Dodging
  2490 | D:4      | Noticed an ogre
  2501 | D:4      | Killed an ogre
  2502 | D:4      | Reached skill level 5 in Armour
  2502 | D:4      | Reached XP level 6. HP: 16/53 MP: 5/5
  2878 | D:4      | Identified the +3 quarterstaff "Backscratcher" {freeze, Fly
                  | rF+++ rC- Int-5}
  3033 | D:4      | Reached skill level 6 in Axes
  3175 | D:4      | Reached XP level 7. HP: 33/60 MP: 6/6
  3688 | D:5      | Entered Level 5 of the Dungeon
  3788 | D:5      | Found a staircase to the Ecumenical Temple.
  3898 | D:5      | Reached skill level 7 in Axes
  3907 | Temple   | Entered the Ecumenical Temple
  3918 | Temple   | Became a worshipper of Warmaster Okawaru
  4495 | D:5      | Found a glowing silver altar of Zin.
  4759 | D:6      | Reached skill level 5 in Fighting
  4967 | D:6      | Noticed Maggie
  4988 | D:6      | Noticed a wraith
  5007 | D:6      | Killed a wraith
  5008 | D:6      | Reached XP level 8. HP: 25/68 MP: 7/7
  5011 | D:6      | Killed Maggie
  5011 | D:6      | Reached * piety under Okawaru
  5012 | D:6      | Reached skill level 8 in Axes
  5291 | D:6      | Reached ** piety under Okawaru
  5292 | D:6      | Reached skill level 9 in Axes
  5292 | D:6      | Reached skill level 5 in Shields
  5720 | D:6      | Reached XP level 9. HP: 77/78 MP: 8/8
  6133 | D:7      | Reached skill level 10 in Axes
  6840 | D:8      | Noticed a two-headed ogre
  6998 | D:8      | Noticed a death yak
  7002 | D:8      | Noticed a death yak
  7006 | D:8      | Noticed a death yak
  7045 | D:8      | Reached *** piety under Okawaru
  7816 | D:9      | Reached skill level 10 in Armour
  7823 | D:9      | Reached skill level 11 in Axes
  7985 | D:9      | Identified the amulet "Rurof" {rF- Will++ Regen+ Str+2
                  | Dex+4}
  8217 | D:9      | Reached XP level 10. HP: 75/87 MP: 9/9
  8463 | D:10     | Entered Level 10 of the Dungeon
  8498 | D:10     | Reached **** piety under Okawaru
  8571 | D:10     | Reached skill level 12 in Axes
  8627 | D:10     | Found a staircase to the Orcish Mines.
  8674 | D:10     | Found a flagged portal.
  8695 | Bailey   | Entered a bailey
  8850 | Bailey   | Noticed an orc knight
  8865 | Bailey   | Identified the +7 hand axe "Ralocisi" {venom, Dex+2}
  8865 | Bailey   | Noticed an orc warlord
  8866 | Bailey   | Acquired the +8 orange crystal plate armour {Archmagi,
                  | Int+3 Clar}
  8866 | Bailey   | Found the +8 orange crystal plate armour {Archmagi, Int+3
                  | Clar}
  8875 | Bailey   | Demolished by an orc warrior

Illustrated notes

Levels and vault maps discovered:
D:1:      dpeg_arrival_lava_altar, layout_rooms, basic_ecumenical_altar
D:2:      layout_basic, kennysheep_flooded_box
D:3:      layout_rooms, mainiacjoe_overflow_alcove_1,
          nicolae_elevator_lobby_plus
D:4:      layout_rooms, serial_bayou, serial_bayou_pond_c, serial_bayou_shore_b,
          serial_bayou_lake_a, serial_bayou_lagoon_a
D:5:      layout_basic, nicolae_overflow_hidden_temple, zin_academy,
          temple_doors_e
D:6:      layout_gridville, uniq_maggie
D:7:      layout_basic
D:8:      layout_basic, kennysheep_mini, dpeg_lair_monsters,
          ebering_ghost_inner_flame
D:9:      layout_rooms
D:10:     layout_gridville, orc_david_3, enter_bailey_2, uniq_nergalle
Temple:   eino_narrow_crystal_temple
Bailey:   bailey_axe_minmay_hex_keep, bailey

Skill      XL: |  1  2  3  4  5  6  7  8  9 10 |
---------------+-------------------------------+-----
Shields        | 4 5 6 |  6.6
Axes           | 3 4 5 6 7 9 11 12 | 12.5
Armour         | 4 5 6 7 8 10 | 10.9
Fighting       | 4 5 6 7 8 |  8.2
Dodging        | 1 |  1.4
Stealth        | |  0.4

Action                   |  1- 3 |  4- 6 |  7- 9 | 10-12 || total
-------------------------+-------+-------+-------+-------++-------
Melee: War axe           |    59 |   130 |   291 |   102 ||   582
       Headbutt          |     6 |    18 |    56 |    26 ||   106
Throw: Throwing net      |       |       |       |     1 ||     1
  Use: Scroll            |       |     1 |     5 |     2 ||     8
       Potion            |       |       |       |     3 ||     3
Armor: Scale mail        |    22 |    52 |       |       ||    74
       Crystal plate arm |       |    40 |   369 |    61 ||   470
Dodge: Dodged            |    21 |    35 |    88 |    20 ||   164
Block: Buckler           |    12 |    28 |   123 |    40 ||   203
